 Dungeon Crawl Stone Soup version 0.25.1-1-g288607f (webtiles) character file.

Game seed: 7208930426178881790

35 Darkleer the Stinger (level 3, 0/25 HPs)
             Began as a Demonspawn Venom Mage on July 20, 2020.
             Slain by a leopard gecko (1 damage)
             ... on level 2 of the Dungeon.
             The game lasted 00:08:21 (1682 turns).

Darkleer the Stinger (Demonspawn Venom Mage)        Turns: 1682, Time: 00:08:21

Health: 0/25       AC:  3    Str:  9    XL:     3   Next: 16%
Magic:  2/6        EV: 12    Int: 16    God:
Gold:   81         SH:  0    Dex: 13    Spells: 0/6 levels left

rFire    . . .     SeeInvis .   e - +0 dagger
rCold    . . .     Gourm    .   (no shield)
rNeg     . . .     Faith    .   a - +0 robe
rPois    .         Spirit   .   h - +0 helmet
rElec    .         Reflect  .   (no cloak)
rCorr    .         Harm     .   (no gloves)
MR       .....                  (no boots)
Stlth    ++........             (no amulet)
HPRegen  0.08/turn              (no ring)
MPRegen  0.10/turn              (no ring)

@: about to teleport, flying
A: talons 1, powered by pain 1
a: no special abilities


You were on level 2 of the Dungeon.
You were full.

You visited 1 branch of the dungeon, and saw 2 of its levels.

You collected 81 gold pieces.

Inventory:

Hand Weapons
 e - a +0 dagger (weapon)
Missiles
 d - 11 stones (quivered)
Armour
 a - a +0 robe (worn)
 h - a +0 helmet (worn)
Jewellery
 f - an uncursed ring of ice
Scrolls
 b - a scroll of remove curse


   Skills:
 + Level 0.4 Fighting
 + Level 0.5 Short Blades
 + Level 0.3 Armour
 + Level 2.0 Dodging
 - Level 2.0 Stealth
 + Level 2.2 Spellcasting
 + Level 1.1 Transmutations
 * Level 0.1 Fire Magic
 * Level 0.1 Air Magic
 * Level 3.3 Poison Magic


You couldn't memorise any spells.
You knew the following spells:

 Your Spells              Type           Power        Failure   Level  Hunger
a - Sting                 Tmut/Pois      #...         9%          1    #......
b - Poisonous Vapours     Pois/Air       #.....       14%         2    ###....
c - Ignite Poison         Fire/Tmut/Pois #.......     32%         3    ###....

Your spell library contained the following spells:

 Spells                   Type           Power        Failure   Level  Hunger
 Mephitic Cloud           Conj/Pois/Air  #.......     36%         3    ###....
 Olgreb's Toxic Radiance  Pois           ##......     45%         4    #####..


Dungeon Overview and Level Annotations

Branches:
Dungeon (2/15)

Altars:

Annotations:
D:2 Sigmund


Innate Abilities, Weirdness & Mutations

You have sharp toenails.
You sometimes gain a little power by taking damage.


Message History

The hobgoblin shouts! x2; The kobold shouts!
The kobold throws a stone.
The stone misses you.
The leopard gecko hisses angrily.
Quiver which item? (- for none, * to show all) (? for menu, Esc to quit)
Okay, then.
It was a potion of flight.
You feel very buoyant.
You fly up into the air.
The kobold throws a stone.
The stone hits you but does no damage.
The kobold throws a stone.
The stone barely misses you.
There are monsters nearby!
The leopard gecko closely misses you.
You see here a stone.
The leopard gecko bites you.
* * * LOW HITPOINT WARNING * * *
You see here a stone.
The leopard gecko hisses menacingly.
As you read the scroll of teleportation, it crumbles to dust.
You feel strangely unstable. The leopard gecko bites you.
You die...

#........# #.#
#......#..$##<
#...w.<.......
#.####........
#.†...........
######.....?.. #........
#######+########........
#........gl@...#........
#........K####.#........
#....$...(# .
#........K# #.........#
#.....%...# #.........#
#.........# #.........#


You could see a leopard gecko, a hobgoblin and a kobold.

Vanquished Creatures
  An ooze (D:1)
  2 dart slugs (D:1)
  3 leopard geckos
  2 ball pythons
  3 bats
  2 giant cockroaches (D:1)
  A goblin (D:1)
  2 hobgoblins (D:1)
  2 kobolds
  A frilled lizard (D:1)
  5 rats
24 creatures vanquished.

Notes
Turn   | Place    | Note
-------+----------+-------------------------------------------
     0 | D:1      | Darkleer the Demonspawn Venom Mage began the quest for the
                  | Orb.
     0 | D:1      | Reached XP level 1. HP: 13/13 MP: 3/3
   278 | D:1      | Gained mutation: You have sharp toenails. [demonic
                  | ancestry]
   278 | D:1      | Reached XP level 2. HP: 13/19 MP: 5/5
   414 | D:1      | Reached skill level 1 in Transmutations
  1097 | D:1      | You fall into a shaft and drop 1 floor!
  1291 | D:1      | Gained mutation: You sometimes gain a little power by
                  | taking damage. [demonic ancestry]
  1291 | D:1      | Reached XP level 3. HP: 25/25 MP: 3/6
  1533 | D:1      | Learned a level 2 spell: Poisonous Vapours
  1537 | D:1      | Learned a level 3 spell: Ignite Poison
  1668 | D:2      | Noticed Sigmund
  1680 | D:2      | HP: 1/25 [leopard gecko (4)]
  1682 | D:2      | Slain by a leopard gecko

Illustrated notes

Levels and vault maps discovered:
D:1:      sevenhm_arrival_forest_fort_large_4, layout_basic,
          corexii_leaking_fountain
D:2:      layout_basic, lemuel_doored_altar, makhleb_altar_promises_db,
          uniq_sigmund, uniq_natasha

Skill      XL: |  1  2  3 |
---------------+----------+-----
Transmutations | 1 |  1.1
Stealth        | 2 |  2.0
Dodging        | 2 |  2.0
Fighting       | |  0.4
Short Blades   | |  0.5
Armour         | |  0.3
Spellcasting   | |  2.2
Fire Magic     | |  0.1
Air Magic      | |  0.1
Poison Magic   | |  3.3

Action                   || total
-------------------------++-------
Melee: Dagger            ||    88
       Unarmed           ||     5
       Kick              ||     8
Throw: Stone             ||     8
 Cast: Sting             ||    11
       Poisonous Vapours ||     1
  Use: Scroll            ||     6
       Potion            ||     1
 Stab: Sleeping          ||     6
  Eat: Ration            ||     2
       Chunk             ||     1
Armor: Robe              ||    26
Dodge: Dodged            ||    71
